 Dungeon Crawl Stone Soup version 0.23.1 (webtiles) character file.

Game seed: 10830206953826164855

3227 Borgoz the Slicer (level 9, 0/78 (79) HPs)
             Began as a Ghoul Enchanter on Mar 4, 2019.
             Was a Follower of Ashenzari.
             Killed by divine providence
             ... invoked by an orc priest
              (14 damage)
             ... on level 7 of the Dungeon.
             The game lasted 00:16:30 (7059 turns).

Borgoz the Slicer (Ghoul Enchanter)                 Turns: 7059, Time: 00:16:31

HP:   0/78 (79)     AC: 10    Str: 12    XL:     9   Next: 98%
MP:   10/10         EV: 15    Int: 10    God:    Ashenzari [*.....]
Gold: 279           SH:  0    Dex: 12    Spells: 5/11 levels left

rFire    x . .     SeeInvis .   v - +2 short sword (venom) (curse)
rCold    + + .     Gourm    .   (no shield)
rNeg     + + +     Faith    .   b - +0 robe
rPois    ∞         Spirit   .   q - +0 helmet
rElec    .         Reflect  .   t - +2 cloak
rCorr    .         Harm     .   g - +0 pair of gloves
MR       .....                  f - +2 pair of boots
Stlth    ++........             (no amulet)
HPRegen  0.00/turn              (no ring)
MPRegen  0.12/turn              n - ring of ice

@: rotting
A: rotting body, claws 1, carnivore, cold resistance 1, negative energy
resistance 3, inhibited regeneration, torment resistance, unbreathing
a: Curse Item, Scrying, Renounce Religion


You were on level 7 of the Dungeon.
You worshipped Ashenzari.
Ashenzari was aware of your devotion.
You were not hungry.

You visited 2 branches of the dungeon, and saw 8 of its levels.

You collected 279 gold pieces.

Inventory:

Hand Weapons
 v - a cursed +2 short sword of venom (weapon)
Missiles
 j - 70 poisoned needles
Armour
 b - a +0 robe (worn)
 f - a +2 pair of boots (worn)
 g - a +0 pair of gloves (worn)
 q - a +0 helmet (worn)
 t - a +2 cloak (worn)
Jewellery
 n - a ring of ice (right hand)
 B - an uncursed amulet of faith
Wands
 w - a wand of random effects (27)
Scrolls
 a - 2 scrolls of fear {unknown}
 c - a scroll of acquirement {unknown}
 h - a scroll of vulnerability
 p - 6 scrolls of teleportation
 s - a scroll of enchant weapon
 u - a scroll of remove curse
 y - a scroll of fog {unknown}
Potions
 e - a potion of mutation
 i - a potion of magic {unknown}
 l - a potion of invisibility {unknown}
 m - 4 potions of curing
 o - 2 potions of might
 r - a potion of flight
 x - a potion of haste
 z - 2 potions of brilliance
Comestibles
 d - 8 rations
 k - 14 chunks of flesh


   Skills:
 + Level 7.3 Fighting
 * Level 8.9 Short Blades
 + Level 6.4 Dodging
 - Level 3.2 Stealth
 - Level 1.7 Spellcasting
 - Level 2.4 Hexes


You had 5 spell levels left.
You knew the following spells:

 Your Spells              Type           Power        Failure   Level  Hunger
a - Corona                Hex            #......      12%         1    ##.....
b - Ensorcelled Hibernat  Hex/Ice        #.....       30%         2    ###....
c - Confuse               Hex            #.......     34%         3    ####...

Your spell library contained the following spells:

 Spells                   Type           Power        Failure   Level  Hunger
 Tukima's Dance           Hex            #.......     34%         3    ####...
 Dazzling Spray           Conj/Hex       #.....       52%         3    ####...


Dungeon Overview and Level Annotations

Branches:
Dungeon (7/15)             Temple (1/1) D:4

Altars:
Ashenzari
Fedhas
Hepliaklqana
Kikubaaqudgha
Makhleb
Nemelex Xobeh
Okawaru
Qazlal
Ru
Sif Muna
Trog
Uskayaw
Vehumet
Xom
Yredelemnul
The Shining One

Shops:
D:6 }*?


Innate Abilities, Weirdness & Mutations

Your body is rotting away.
You thrive on raw meat.
You are immune to poison.
You have sharp fingernails.
You are carnivorous and can eat meat at any time.
Your flesh is cold resistant. (rC+)
You are immune to negative energy. (rN+++)
You do not regenerate when monsters are visible.
You are immune to unholy pain and torment.
You can survive without breathing.


Message History

You barely miss the orc priest. You closely miss the orc priest.
The iguana barely misses you.
The orc priest calls down the wrath of Beogh upon you.
Beogh smites you!
* * * LOW HITPOINT WARNING * * *
You hit the orc priest.
The orc priest is lightly wounded.
The iguana misses you.
You hit the orc priest.
The orc priest is moderately wounded.
The orc priest completely misses you.
You closely miss the orc priest.
The orc priest is moderately wounded.
The iguana barely misses you.
You hit the orc priest but do no damage.
The orc priest is poisoned.
The orc priest is moderately wounded.
The orc priest calls down the wrath of Beogh upon you.
Beogh smites you!
You die...

o. .# #.##.##
#.#...# #.#o.< #.#oo
#.#o# #.#o#
##########.#@####
.(.....÷...l....#
##########.#.##.....
#.#.# #### #.#.#
##########
#.#.###.........
#..)......######
###.#####.# #.#
##.#####..


You could see an iguana, an orc priest, an orc wizard and 3 orcs.

Vanquished Creatures
  Pikel (D:4)
  Grinder (D:4)
  Prince Ribbit (D:5)
  Edmund (D:6)
  Menkaure (D:6)
  An ice beast (D:7)
  An orc warrior (D:7)
  2 sky beasts (D:6)
  A slave (D:4)
  4 ogres
  2 bullfrogs (D:7)
  A scorpion (D:5)
  5 howler monkeys
  4 crimson imps
  A quasit (D:5)
  2 centaur skeletons
  2 centaur zombies
  2 orc wizards
  3 orc priests
  A bullfrog skeleton (D:4)
  4 hounds
  6 worker ants
  Ijyb (D:3)
  An iguana (D:5)
  A hound zombie (D:6)
  4 gnolls (D:6)
  6 adders
  2 shadow imps (D:5)
  3 oozes
  2 adder skeletons (D:6)
  4 worms
  5 dart slugs
  4 leopard geckos
  33 orcs
  7 bats
  5 giant cockroaches
  5 goblins
  6 hobgoblins
  17 jackals
  7 kobolds
  2 quokkas
  2 ball pythons
  5 frilled lizards
  A jackal skeleton (D:4)
  7 rats
177 creatures vanquished.

Notes
Turn   | Place    | Note
-------+----------+-------------------------------------------
     0 | D:1      | Borgoz the Ghoul Enchanter began the quest for the Orb.
     0 | D:1      | Reached XP level 1. HP: 14/14 MP: 2/2
    10 | D:1      | Reached skill level 1 in Short Blades
   287 | D:1      | Reached XP level 2. HP: 21/22 MP: 3/3
   591 | D:1      | Reached skill level 1 in Fighting
   625 | D:1      | Learned a level 2 spell: Ensorcelled Hibernation
   781 | D:1      | Reached XP level 3. HP: 27/28 MP: 4/4
   992 | D:1      | Reached skill level 2 in Short Blades
  1541 | D:2      | Reached XP level 4. HP: 24/36 MP: 5/5
  2320 | D:3      | Found a faded altar of an unknown god.
  2639 | D:3      | Reached XP level 5. HP: 30/41 MP: 6/6
  2646 | D:3      | Reached skill level 3 in Short Blades
  2651 | D:3      | Learned a level 3 spell: Confuse
  2720 | D:4      | Noticed a slave
  2720 | D:4      | Noticed a slave
  2720 | D:4      | Noticed Ijyb
  2720 | D:4      | Noticed Pikel
  2721 | D:4      | Noticed a slave
  2724 | D:4      | Noticed a slave
  2741 | D:3      | Killed Ijyb
  2970 | D:3      | Found a sacrificial altar of Ru.
  3130 | D:4      | Found a staircase to the Ecumenical Temple.
  3143 | Temple   | Entered the Ecumenical Temple
  3479 | D:4      | Reached XP level 6. HP: 46/49 MP: 7/7
  3518 | D:4      | Reached skill level 4 in Short Blades
  3715 | D:4      | Reached XP level 7. HP: 42/57 MP: 8/8
  3907 | D:4      | Killed Pikel
  3907 | D:4      | Reached skill level 5 in Short Blades
  3907 | D:4      | Reached XP level 8. HP: 26/67 MP: 9/9
  4205 | D:4      | Noticed Grinder
  4221 | D:4      | Paralysed by Grinder for 4 turns
  4231 | D:4      | Killed Grinder
  4231 | D:4      | Reached skill level 5 in Fighting
  4231 | D:4      | Reached skill level 6 in Short Blades
  4396 | D:5      | Entered Level 5 of the Dungeon
  4409 | D:5      | Found a shattered altar of Ashenzari.
  4427 | D:5      | Became a worshipper of Ashenzari the Shackled
  4716 | D:5      | Reached skill level 5 in Dodging
  4753 | D:6      | Noticed Menkaure
  4808 | D:5      | Reached skill level 7 in Short Blades
  5001 | D:5      | Found a radiant altar of Vehumet.
  5186 | D:6      | Reached XP level 9. HP: 51/75 MP: 10/10
  5231 | D:6      | Killed Menkaure
  5514 | D:6      | Found Xeicamax's General Store.
  5521 | D:6      | Noticed Edmund
  5544 | D:6      | Killed Edmund
  5565 | D:6      | Noticed Prince Ribbit
  5720 | D:5      | Killed Prince Ribbit
  5859 | D:6      | Reached skill level 8 in Short Blades
  5873 | D:6      | Reached * piety under Ashenzari
  6306 | D:6      | Found Zorphirua's Magic Scroll Shoppe.
  6316 | D:6      | Found a shimmering altar of Xom.
  6316 | D:6      | Found a burning altar of Makhleb.
  6316 | D:6      | Found a shimmering altar of Xom.
  6316 | D:6      | Found a bloodstained altar of Trog.
  6316 | D:6      | Found a basalt altar of Yredelemnul.
  6316 | D:6      | Found a shimmering altar of Xom.
  6503 | D:6      | Found Bemoskec's Gadget Shoppe.
  7059 | D:7      | Killed from afar by an orc priest

Skill      XL: |  1  2  3  4  5  6  7  8  9 |
---------------+----------------------------+-----
Short Blades   | 1 2 3 4 5 7 8 |  8.9
Dodging        | 2 3 4 5 6 |  6.4
Fighting       | 1 2 3 4 5 7 |  7.3
Stealth        | |  3.2
Spellcasting   | |  1.7
Hexes          | |  2.4

Action                   |  1- 3 |  4- 6 |  7- 9 || total
-------------------------+-------+-------+-------++-------
Melee: Dagger            |   114 |   101 |       ||   215
       Rapier            |       |    53 |       ||    53
       Short sword       |       |   118 |   426 ||   544
 Cast: Ensorcelled Hiber |       |     2 |       ||     2
Invok: Curse Item        |       |       |     1 ||     1
Evoke: Wand              |       |       |     2 ||     2
  Use: Scroll            |     1 |       |     8 ||     9
       Potion            |       |       |     4 ||     4
 Stab: Sleeping          |     5 |     2 |     3 ||    10
  Eat: Chunk             |     7 |    14 |    14 ||    35
Armor: Robe              |    25 |    73 |    88 ||   186
Dodge: Dodged            |    61 |   184 |   217 ||   462
